AoeStats
← SATOLEP

Lombardia

510019106Analyzed
4v4 RM · 4d ago on Sep 29, 2026· 54m 38s· 8 players
Game mode
Random Map
Map size
Large (8 player)
Population
200
Speed
Normal
Resources
Standard
Victory
Conquest
Starting age
Dark Age
Ending age
Imperial Age
RankedLock teamsTeams togetherTeam positionsShared explorationLock speedFull tech treeHidden civsTurbo modeCheats
Victory
Defeat
🇨🇳 Britons · China
1334
+12
🇨🇴 Khmer · Colombia
1255
+16
🇳🇿 Koreans · New Zealand
1168
+19
🇭🇰 Vikings · Hong Kong SAR China
1156
+20
🇧🇷 Burmese · Brazil
1337
-21
🇧🇷 Italians · Brazil
1257
-17
🇧🇷 Huns · Brazil
1211
-15
🇧🇷 Britons · Brazil
1167
-14
DKT | BRESSAN
1:52 Loom
10:32 Feudal Age
13:28 Double-Bit Axe
20:10 Castle Age
18:14 Fletching
18:58 Gold Mining
19:02 Stone Mining
21:21 Wheelbarrow
20:30 Horse Collar
22:28 Heavy Plow
23:27 Gold Shaft Mining
32:00 Hand Cart
32:29 Crossbowman
33:37 Bodkin Arrow
33:42 Padded Archer Armor
38:12 Imperial Age
37:49 Leather Archer Armor
37:35 Town Watch
38:08 Bow Saw
38:16 Arbalester
41:49 Bracer
42:20 Ring Archer Armor
42:23 Yeomen
42:25 Elite Skirmisher
44:24 Ballistics
45:05 Chemistry
50:01 Two-Man Saw
49:01 Murder Holes
49:19 Fortified Wall
50:17 Two-Man Saw
53:17 Warwolf
53:41 Conscription
DKT | Ragnarr
4:32 Loom
12:05 Feudal Age
19:21 Castle Age
19:19 Bloodlines
19:20 Scale Barding Armor
19:27 Forging
21:06 Double-Bit Axe
24:50 Husbandry
26:43 Horse Collar
27:30 Fletching
30:23 Bow Saw
32:07 Heavy Plow
32:27 Gold Mining
33:38 Marauders
38:09 Imperial Age
36:43 Iron Casting
36:31 Chain Barding Armor
38:46 Elite Tarkan
40:43 Plate Barding Armor
42:08 Blast Furnace
45:00 Conscription
45:46 Wheelbarrow
45:18 Bodkin Arrow
49:33 Hand Cart
50:44 Caravan
DKT | PLuS
11:44 Feudal Age
11:12 Loom
18:06 Castle Age
17:32 Stone Mining
17:30 Double-Bit Axe
17:29 Horse Collar
20:49 Gold Mining
22:51 Fletching
25:48 Ballistics
26:18 Bodkin Arrow
29:42 Silk Road
31:03 Wheelbarrow
32:52 Fervor
35:56 Imperial Age
35:30 Hand Cart
35:46 Bow Saw
37:21 Conscription
37:22 Bracer
37:22 Padded Archer Armor
38:33 Chemistry
40:39 Crossbowman
40:41 Elite Skirmisher
41:29 Thumb Ring
47:15 Arbalester
48:25 Squires
48:11 Arson
48:37 Forging
48:27 Scale Mail Armor
48:55 Caravan
52:49 Capped Ram
Johncarter
12:20 Feudal Age
16:18 Castle Age
14:46 Horse Collar
15:23 Stone Mining
17:37 Heavy Plow
24:14 Wheelbarrow
24:43 Wheelbarrow
24:26 Forging
26:33 Gold Mining
27:05 Padded Archer Armor
27:59 Iron Casting
28:26 Scale Mail Armor
29:39 Squires
29:40 Husbandry
30:14 Bloodlines
33:57 Imperial Age
31:19 Pikeman
31:54 Fletching
32:01 Man-at-Arms
32:26 Gambesons
33:11 Chain Mail Armor
34:31 Gold Shaft Mining
34:19 Long Swordsman
34:37 Elite Skirmisher
35:10 Two-Handed Swordsman
36:21 Conscription
35:47 Light Cavalry
36:42 Manipur Cavalry
37:18 Plate Mail Armor
37:17 Hussar
38:04 Scale Barding Armor
40:00 Blast Furnace
40:47 Champion
42:08 Chain Barding Armor
42:14 Champion
46:53 Chemistry
Nomore
9:56 Feudal Age
10:34 Loom
11:06 Horse Collar
12:01 Double-Bit Axe
19:07 Gold Mining
21:46 Castle Age
20:27 Stone Mining
21:49 Fletching
24:18 Wheelbarrow
24:36 Bow Saw
25:27 Heavy Plow
31:20 Imperial Age
30:26 Bodkin Arrow
30:31 Padded Archer Armor
30:55 Ballistics
31:33 Treadmill Crane
32:12 Leather Archer Armor
32:34 Conscription
33:22 Hand Cart
32:53 Town Watch
33:29 Bracer
34:26 Ring Archer Armor
35:38 Chemistry
34:59 Town Patrol
35:02 Scale Mail Armor
35:29 Yeomen
36:22 Two-Man Saw
36:17 Chain Mail Armor
36:16 Elite Longbowman
37:54 Plate Mail Armor
36:47 Pikeman
37:43 Squires
37:28 Gambesons
37:29 Arson
37:40 Halberdier
37:46 Halberdier
38:11 Gambesons
38:27 Squires
38:12 Arson
40:02 Forging
41:21 Iron Casting
44:40 Caravan
45:10 Coinage
44:55 Guilds
46:40 Masonry
46:36 Siege Engineers
46:26 Murder Holes
46:24 Heated Shot
49:56 Scale Barding Armor
50:31 Gold Shaft Mining
50:40 Banking
50:54 Husbandry
50:15 Light Cavalry
52:04 Chain Barding Armor
52:45 Blast Furnace
53:08 Architecture
53:42 Plate Barding Armor
52:36 Cavalier
SATOLEP
5:10 Loom
9:07 Feudal Age
16:08 Castle Age
16:07 Bloodlines
16:27 Horse Collar
17:04 Husbandry
20:52 Forging
23:03 Iron Casting
24:27 Scale Barding Armor
26:08 Chain Barding Armor
28:22 Gold Mining
30:35 Wheelbarrow
29:54 Double-Bit Axe
31:18 Gold Shaft Mining
35:31 Imperial Age
34:50 Stone Mining
35:54 Hand Cart
35:55 Bow Saw
36:21 Heavy Plow
38:21 Heavy Scorpion
41:12 Conscription
41:29 Ballistics
42:16 Chemistry
41:51 Caravan
43:03 Double Crossbow
45:04 Siege Engineers
44:56 Murder Holes
44:51 Light Cavalry
45:41 Town Watch
46:46 Plate Barding Armor
47:12 Blast Furnace
46:02 Fletching
46:18 Hussar
SoulStrider6763
7:54 Loom
11:32 Feudal Age
13:02 Double-Bit Axe
13:23 Horse Collar
21:05 Castle Age
19:37 Gold Mining
19:39 Stone Mining
22:42 Scale Mail Armor
22:52 Forging
22:33 Fletching
24:00 Heavy Plow
24:47 Wheelbarrow
23:58 Town Watch
24:50 Bow Saw
29:42 Hand Cart
34:32 Imperial Age
33:14 Town Patrol
33:20 Squires
33:46 Eupseong
34:40 Gold Shaft Mining
34:40 Stone Shaft Mining
34:18 Masonry
34:29 Ballistics
33:50 Treadmill Crane
36:26 Architecture
36:01 Siege Engineers
36:57 Chemistry
38:43 Bodkin Arrow
38:30 Heavy Rocket Cart
39:24 Bracer
40:16 Shinkichon
40:18 Conscription
42:22 Fortified Wall
41:59 Arrowslits
42:09 Murder Holes
43:22 Two-Man Saw
47:37 Elite Skirmisher
48:23 Thumb Ring
52:56 Pikeman
52:57 Elite Fire Lancer
53:23 Arson
大润发杀鱼20年
9:32 Loom
12:12 Feudal Age
12:41 Double-Bit Axe
12:38 Horse Collar
17:51 Castle Age
17:17 Gold Mining
17:35 Arson
18:19 Stone Mining
18:38 Heavy Plow
19:04 Bow Saw
24:24 Gold Shaft Mining
26:48 Town Watch
27:18 Squires
27:22 Scale Mail Armor
30:09 Chain Mail Armor
30:05 Forging
33:41 Imperial Age
31:23 Town Patrol
32:21 Iron Casting
32:35 Chieftains
35:07 Crop Rotation
35:40 Two-Man Saw
35:06 Conscription
34:20 Elite Varangian Guard
36:59 Plate Mail Armor
37:36 Blast Furnace
39:07 Elite Berserk
42:26 Caravan
54:11 Fletching
54:09 Treadmill Crane
54:51 Ballistics
55:32 Chemistry
54:48 Masonry
Connection lost

Rejoining the realm…

Still unreachable

The connection could not be restored.

Session expired

The server has moved on; the page needs a fresh start.